 Dungeon Crawl Stone Soup version 0.30.2 (webtiles) character file.

Game seed: 11408107908492388798

47 porpoise the Caller (level 3, 0/19 HPs)
             Began as a Tengu Summoner on Feb 10, 2024.
             Slain by a gnoll
             ... wielding a +0 whip
              (4 damage)
             ... on level 2 of the Dungeon.
             The game lasted 00:06:26 (1506 turns).

porpoise the Caller (Tengu Summoner)                Turns: 1506, Time: 00:06:27

Health: 0/19       AC:  2    Str:  8    XL:     3   Next: 70%
Magic:  0/8        EV: 12    Int: 17    God:
Gold:   33         SH:  0    Dex: 14    Spells: 1/7 levels left

rFire   . . .        a - +0 whip
rCold   . . .        (no shield)
rNeg    . . .        e - +0 robe
rPois   .            (helmet restricted)
rElec   .            (no cloak)
rCorr   .            (no gloves)
SInv    .            (boots unavailable)
Will    +....        (no amulet)
Stlth   ++           h - ring of willpower
HPRegen 0.23/turn    (no ring)
MPRegen 0.11/turn

%: no passive effects
@: no status effects
A: beak, talons 3
a: no special abilities


You were on level 2 of the Dungeon.
You visited 1 branch of the dungeon, and saw 2 of its levels.

You collected 33 gold pieces.

Inventory:

Hand Weapons
 a - a +0 whip (weapon)
 b - a +0 sling
Missiles
 f - 8 javelins
Armour
 e - a +0 robe (worn)
Magical Staves
 i - a staff of air
Jewellery
 h - a ring of willpower (left hand)
 o - a ring of fire
Scrolls
 c - a scroll of identify {unknown}
 g - 2 scrolls of amnesia {unknown}
 k - a scroll of vulnerability {unknown}
 l - a scroll of fog {unknown}
Potions
 d - 2 potions of brilliance {unknown}
 j - a potion of flight {unknown}
 m - a potion of curing
 n - a potion of lignification {unknown}
 v - a potion of magic


   Skills:
 - Level 2.1 Dodging
 + Level 2.5 Stealth
 * Level 2.7 Spellcasting
 * Level 5.5 Summonings


You had one spell level left.
You knew the following spells:

 Your Spells              Type           Power      Damage    Failure   Level
a - Summon Small Mammal   Summ           84%        N/A       1%          1
b - Call Imp              Summ           42%        N/A       2%          2
c - Call Canine Familiar  Summ           21%        N/A       5%          3

Your spell library contained the following spells:

 Spells                   Type           Power      Damage    Failure   Level
 Summon Guardian Golem    Hex/Summ       11%        N/A       17%         3
 Summon Lightning Spire   Summ/Air       11%        N/A       50%         4


Dungeon Overview and Level Annotations

Branches:
Dungeon (2/15)

Altars:


Innate Abilities, Weirdness & Mutations

You have a beak for a mouth.
You have claws for feet.


Message History

The gnoll barely misses you.
Casting: Summon Small Mammal (safe; 1% risk of failure)
Confirm with . or Enter, or press ? or * to list all spells.
A tiny devil pulls itself out of the air.
Your bat hits the gnoll but does no damage.
The gnoll closely misses you.
The gnoll hits you from afar with a +0 spear.
Your quokka bites the gnoll.
You hit the gnoll.
The gnoll is heavily wounded.
Your bat barely misses the gnoll.
The gnoll closely misses your quokka. The gnoll hits you with a +0 whip.
The gnoll hits you from afar with a +0 spear!
* * * LOW HITPOINT WARNING * * *
Your quokka bites the gnoll.
It was a potion of curing.
You feel better.
Your bat hits the gnoll but does no damage.
Your quokka barely misses the gnoll.
The gnoll barely misses your bat. The gnoll hits you with a +0 flail.
The gnoll hits you from afar with a +0 spear.
* * * LOW HITPOINT WARNING * * *
The gnoll hits your quokka with a +0 club.
Your cerulean imp closely misses the gnoll.
You swap places.
Your bat hits the gnoll. Your quokka misses the gnoll.
The gnoll hits your bat with a +0 whip.
Your bat dies!
Your bat's corpse disappears in a puff of smoke!
The gnoll completely misses your cerulean imp.
The gnoll hits your quokka with a +0 club.
Your quokka dies!
Your quokka's corpse disappears in a puff of smoke!
Your cerulean imp hits the gnoll but does no damage.
The gnoll shouts!
Casting: Call Imp (safe; 2% risk of failure)
Confirm with . or Enter, or press ? or * to list all spells.
The spell is quite dangerous to miscast (5% risk of failure)!
Continue anyway?
The gnoll misses your cerulean imp.
Your cerulean imp hits the gnoll with a -2 spear.
The gnoll attacks as you move away! The gnoll hits you with a +0 whip.
You die...

### ..# . .. . . ##.
.## ...##..## #..##
#...Kgg###....#
#g..#†..# ##5g...# #.
##@_.## #. ####h....#
#. ##.#...#...# #.
##.....###..... #.
#..#.†## #..#. #.
##.###..## .##
###.###..##.#.†# ###
#...........#..## #.#
##..#########...####.#


You could see 4 gnolls, a kobold, a friendly hound (summoned) and a friendly
cerulean imp (summoned).

Vanquished Creatures
  6 ball pythons
  A bat (D:2)
  2 hobgoblins
  A quokka (D:1)
  A goblin (D:1)
11 creatures vanquished.

Vanquished Creatures (collateral kills)
  A dart slug (D:2)
  6 bats
  2 endoplasms (D:1)
  3 giant cockroaches
  A goblin (D:2)
  3 hobgoblins (D:1)
  2 quokkas
  4 ball pythons
  3 frilled lizards
  2 kobolds (D:1)
  A rat (D:1)
28 creatures vanquished.

Grand Total: 39 creatures vanquished

Notes
Turn   | Place    | Note
-------+----------+-------------------------------------------
     0 | D:1      | porpoise the Tengu Summoner began the quest for the Orb.
     0 | D:1      | Reached XP level 1. HP: 10/10 MP: 4/4
   200 | D:1      | Reached skill level 5 in Summonings
   209 | D:1      | Reached XP level 2. HP: 15/15 MP: 4/6
   228 | D:1      | Learned a level 2 spell: Call Imp
  1020 | D:1      | Reached XP level 3. HP: 19/19 MP: 5/7
  1120 | D:1      | Learned a level 3 spell: Call Canine Familiar
  1455 | D:2      | Found a faded altar of an unknown god.
  1506 | D:2      | Slain by a gnoll

Illustrated notes

Levels and vault maps discovered:
D:1:      reono_arrival_forest_river, layout_loops_ring
D:2:      layout_basic, serial_shops, shop, nicolae_ecumenical_snake_handling,
          minmay_hexomino_c4

Skill      XL: |  1 |
---------------+----+-----
Summonings     | 5 |  5.5
Dodging        | |  2.1
Stealth        | |  2.5
Spellcasting   | |  2.7

Action                     || total
---------------------------++-------
  Melee: Unarmed           ||    11
         Kick              ||     8
         Whip              ||    28
         Peck              ||     5
   Fire: Sling             ||     5
   Cast: Summon Small Mamm ||    34
         Call Canine Famil ||     4
         Call Imp          ||     1
    Use: Potion            ||     1
   Stab: Sleeping          ||     1
         Distracted        ||     1
 Armour: Robe              ||     8
  Dodge: Dodged            ||    41
